 Dungeon Crawl Stone Soup version 0.17-a0-1617-gfba1302 (webtiles) character file.

56 maniek23 the Insei (level 3, -4/26 HPs)
             Began as a Vampire Transmuter on Aug 1, 2015.
             Was an Initiate of Nemelex Xobeh.
             Shot with an arrow by a centaur (18 damage)
             ... on level 6 of the Dungeon.
             The game lasted 00:08:08 (1869 turns).

maniek23 the Insei (Vampire Transmuter)             Turns: 1869, Time: 00:08:08

Health: -4/26      AC:  2    Str:  9    XL:     3   Next: 71%
Magic:  6/6        EV: 13    Int: 16    God:    Nemelex Xobeh [......]
Gold:   150        SH:  0    Dex: 14    Spells: 2 memorised, 3 levels left

rFire  . . .     SeeInvis +       - Unarmed
rCold  . . .     Clarity  .     b - +0 robe
rNeg   . . .     SustAt   .     (no shield)
rPois  .         Gourm    .     (no helmet)
rElec  .         Spirit   .     (no cloak)
rCorr  .         Warding  .     (no gloves)
rMut   .         Stasis   .     (no boots)
MR     .....                    (no amulet)
Stlth  ++........               (no ring)
                                (no ring)

@: regenerating quickly, not resistant to hostile enchantments, unstealthy
A: fangs 3, see invisible, unbreathing
a: Renounce Religion


You were on level 6 of the Dungeon.
You worshipped Nemelex Xobeh.
Nemelex Xobeh was noncommittal.
You were full.

You visited 1 branch of the dungeon, and saw 5 of its levels.

You collected 150 gold pieces.

Inventory:

Hand weapons
 a - a +0 dagger
 h - a +1 vampiric hand axe
Missiles
 i - 13 arrows
Armour
 b - a +0 robe (worn)
Jewellery
 r - a +2 ring of evasion {unknown}
Scrolls
 k - a scroll of recharging {unknown}
 l - a scroll of enchant armour {unknown}
 n - 2 scrolls of identify {unknown}
 o - 2 scrolls of enchant weapon {unknown}
 p - a scroll of remove curse {unknown}
 u - a scroll of magic mapping {unknown}
Potions
 d - 4 potions of blood
 e - 2 potions of ambrosia {unknown}
 f - a potion of agility {unknown}
 g - a potion of might {unknown}
 j - a potion of magic {unknown}
 m - a potion of lignification {unknown}
 q - a potion of curing {unknown}
 s - a potion of brilliance {unknown}
 t - a potion of heal wounds {unknown}
Books
 c - a book of Changes

   Spells                             Type                      Level
   a - Beastly Appendage              Transmutation                1
   b - Sticks to Snakes               Transmutation                2
   c - Spider Form                    Transmutation/Poison         3
   d - Ice Form                       Ice/Transmutation            4
   e - Blade Hands                    Transmutation                5


   Skills:
 + Level 1.1 Fighting
 * Level 1.0 Short Blades
 + Level 2.9 Dodging
 + Level 1.2 Stealth
 + Level 3.8 Unarmed Combat
 + Level 2.2 Spellcasting
 * Level 2.5 Transmutations


You had 3 spell levels left.
You knew the following spells:

 Your Spells              Type           Power        Failure   Level  Hunger
a - Beastly Appendage     Trmt           #.....       10%         1    #......
b - Sticks to Snakes      Trmt           #.........   12%         2    ###....


Dungeon Overview and Level Annotations

Branches:
Dungeon (6/15)
 Temple: D:4-7

Altars:
Nemelex Xobeh


Innate Abilities, Weirdness & Mutations

Your natural rate of healing is unusually fast.
You have razor-sharp teeth.
You have supernaturally acute eyesight.
You can survive without breathing.


Message History

You start resting.
A gnoll comes into view. It is wielding an enchanted halberd.
You see here a morningstar.
Found a scroll labeled MERAMEDWUNU.
You start resting.
HP restored.
Found 17 gold pieces.
o - 2 scrolls labeled MERAMEDWUNU (gained 1)
Found a stone staircase leading down.
A centaur comes into view.
You see here 17 gold pieces.
A black bear comes into view.
The black bear growls angrily.
A worm comes into view.
The centaur wields a shortbow.
The centaur shoots an arrow.
The arrow hits you!
You see here an arrow.
The centaur shoots an arrow.
The arrow hits you!!
Ouch! That really hurt!
You die...
Your body disappears without a glow.

....#.....# #.##.# #..#
....#..#### #.##.# #..#
#####g.# #.##.# #..#
.......########....###..##
..............#..........#
#.#.#..######.##.####.#..# #
#....# # #.# #.#..## #......[
#. #.# ##.#...##
......###.###.##@###.......##
...... #......(....$.......#
...... ...........#.........#
...... ..###.##.#.#.........#
. .c.c..............#
w..h....#.##.......## .....
###>#.#......# . .### #
##.#...#.# . #.##.#


You could see a black bear and a centaur.

Vanquished Creatures
  2 oozes (D:5)
  A worm (D:2)
  3 giant geckos
  An orc (D:6)
  2 goblins (D:2)
  A hobgoblin (D:2)
  5 jackals
  A quokka (D:6)
  6 bats
  2 giant cockroaches
  4 giant newts
  3 kobolds
  A quokka skeleton (D:6)
  8 rats
40 creatures vanquished.

Vanquished Creatures (collateral kills)
  A worm (D:2)
  2 jackals (D:2)
  2 bats (D:5)
  A kobold (D:2)
6 creatures vanquished.

Grand Total: 46 creatures vanquished

Notes
Turn   | Place    | Note
--------------------------------------------------------------
     0 | D:1      | maniek23 the Vampire Transmuter began the quest for the Orb.
     0 | D:1      | Reached XP level 1. HP: 14/14 MP: 3/3
   413 | D:1      | Reached XP level 2. HP: 20/20 MP: 3/5
   731 | D:2      | Learned a level 2 spell: Sticks to Snakes
  1023 | D:2      | Reached XP level 3. HP: 25/25 MP: 6/6
  1448 | D:3      | Reached skill level 1 in Stealth
  1482 | D:3      | You fall through a shaft for 3 floors!
  1582 | D:6      | Found a sparkling altar of Nemelex Xobeh.
  1624 | D:6      | Became a worshipper of Nemelex Xobeh the Trickster
  1668 | D:5      | Entered Level 5 of the Dungeon
  1674 | D:5      | Reached skill level 1 in Short Blades
  1694 | D:5      | Reached skill level 1 in Fighting
  1853 | D:6      | Noticed a centaur
  1867 | D:6      | Noticed a black bear
  1869 | D:6      | Shot with an arrow by a centaur

Vault maps used:
D:1:      lightli_arrival_boilingwater, hangedman_glass_teeth
D:3:      serial_bayou_pond_c
D:5:      elyvilon_altar_1, first_bread, roderic_batcave, minmay_crystal_room,
          uniq_edmund
D:6:      lemuel_tele_altar

Action                   || total
-------------------------++-------
Melee: Unarmed           ||   133
       Hand axe          ||     3
       Dagger            ||    10
 Cast: Beastly Appendage ||    12
       Sticks to Snakes  ||     6
 Stab: Sleeping          ||     3
  Eat: Corpse            ||    10
